 Dungeon Crawl Stone Soup version 0.18.1-50-g88ac8fd (webtiles) character file.

235 grisgris the Magician (level 5, -2/28 HPs)
             Began as a Deep Elf Fire Elementalist on Oct 28, 2016.
             Slain by an orc
             ... wielding a +4 short sword of draining
              (8 damage)
             ... on level 4 of the Dungeon.
             The game lasted 00:12:32 (2824 turns).

grisgris the Magician (Deep Elf Fire Elementalist)  Turns: 2824, Time: 00:12:32

Health: -2/28      AC: -1    Str:  5    XL:     5   Next: 76%
Magic:  9/15       EV: 13    Int: 21    God:
Gold:   123        SH:  0    Dex: 15    Spells: 4 memorised, 3 levels left

rFire  . . .     SeeInvis +     (no weapon)
rCold  . . .     Gourm    .     a - +0 robe
rNeg   . . .     Faith    .     (no shield)
rPois  .         Spirit   .     (no helmet)
rElec  .         Dismiss  .     (no cloak)
rCorr  +         Reflect  .     (no gloves)
SustAt .         Harm     .     j - +0 pair of boots
MR     .....                    (no amulet)
Stlth  ++........               f - ring of resist corrosion
                                d - ring of see invisible

@: corroded, not resistant to hostile enchantments, unstealthy
A: no striking features
a: no special abilities


You were on level 4 of the Dungeon.
You were not hungry.

You visited 2 branches of the dungeon, and saw 5 of its levels.

You collected 123 gold pieces.

Inventory:

Armour
 a - a +0 robe (worn)
 j - a +0 pair of boots (worn)
Jewellery
 d - a ring of see invisible (left hand)
 f - a ring of resist corrosion (right hand)
Scrolls
 g - 2 scrolls of remove curse
Potions
 h - a potion of flight
 k - a potion of curing
Books
 b - a book of Flames

   Spells                             Type                      Level
   a - Flame Tongue                   Conjuration/Fire             1
   b - Throw Flame                    Conjuration/Fire             2
   c - Conjure Flame                  Conjuration/Fire             3
   d - Inner Flame                    Hexes/Fire                   3
   e - Sticky Flame                   Conjuration/Fire             4
   f - Fireball                       Conjuration/Fire             5
 n - a book of Death

   Spells                             Type                      Level
   a - Corpse Rot                     Necromancy                   2
   b - Sublimation of Blood           Necromancy                   2
   c - Agony                          Necromancy                   5
   d - Dispel Undead                  Necromancy                   5
   e - Excruciating Wounds            Charms/Necromancy            5
   f - Bolt of Draining               Conjuration/Necromancy       5
Comestibles
 c - 2 bread rations


   Skills:
 - Level 2.4 Dodging
 - Level 2.4 Stealth
 * Level 6.0 Spellcasting
 + Level 3.2 Conjurations
   Level 1.3 Hexes
 + Level 4.4 Fire Magic


You had 3 spell levels left.
You knew the following spells:

 Your Spells              Type           Power        Failure   Level  Hunger
a - Flame Tongue          Conj/Fire      ###..        1%          1    None
b - Conjure Flame         Conj/Fire      ###.....     10%         3    ##.....
c - Sticky Flame          Conj/Fire      ###.....     24%         4    ####...
d - Fireball              Conj/Fire      ###.......   67%         5    #####..


Dungeon Overview and Level Annotations

Branches:
Dungeon (4/15)             Temple (1/1) D:4

Altars:
Cheibriados
Dithmenos
Elyvilon
Nemelex Xobeh
Okawaru
Pakellas
Qazlal
Ru
Sif Muna
Trog
Xom
Zin
The Shining One

Annotations:
D:3 ololoev's ghost, amateur DsBe


Message History

Aiming: Flame Tongue
Press: ? - help, Shift-Dir - straight line, f/p - orc
Aim: an orc, wielding an enchanted flail and carrying a wand of acid {zapped: 2} (heavily wounded)
The flame tongue hits the orc.
You kill the orc!
Casting: Flame Tongue
Confirm with . or Enter, or press ? or * to list all spells.
Aiming: Flame Tongue
Press: ? - help, Shift-Dir - straight line, f - orc
Aim: an orc, wielding a short sword of draining The flame tongue hits the orc.
The orc is almost dead.
Casting: Flame Tongue
Confirm with . or Enter, or press ? or * to list all spells.
Aiming: Flame Tongue
Press: ? - help, Shift-Dir - straight line, f/p - orc
Aim: an orc, wielding a short sword of draining (almost dead)
The flame tongue misses the orc. x2
The orc hits you with a short sword of draining!
You die...

#........... # %#
#....##.###. #. .####
##.#.###.# #. .... ..#.#.#>#
#.# #( ..#.####.##.#.# #.#
#. ## #............###.# #.
###.###......##.###...# #.
#....#.####..##.# #.### #.
#......@oo....# #.# #.
##...####)##..# #.# #. #...#
#.##..# #.# #.
#.รท.####.##..###.#####.
.####......................
#........######..####.######
########.# #..# #.#
#.######..# #.# #.........#
#.#


You could see 2 orcs.

Vanquished Creatures
  A scorpion (D:4)
  A centaur skeleton (D:4)
  2 iguanas (D:4)
  A hound skeleton (D:4)
  3 adders
  An adder skeleton (D:4)
  2 worms
  2 dart slugs (D:1)
  4 giant geckos
  6 orcs (D:4)
  7 bats
  4 giant cockroaches
  A goblin (D:1)
  5 hobgoblins
  2 jackals (D:4)
  2 quokkas (D:2)
  A ball python (D:1)
  2 giant newts
  4 rats
51 creatures vanquished.

Notes
Turn   | Place    | Note
--------------------------------------------------------------
     0 | D:1      | grisgris the Deep Elf Fire Elementalist began the quest for the Orb.
     0 | D:1      | Reached XP level 1. HP: 10/10 MP: 6/6
   194 | D:1      | Reached XP level 2. HP: 15/15 MP: 5/8
   751 | D:2      | Reached skill level 4 in Spellcasting
   792 | D:2      | Reached XP level 3. HP: 19/19 MP: 6/10
   797 | D:2      | Learned a level 3 spell: Inner Flame
   896 | D:2      | Found a sparkling altar of Nemelex Xobeh.
  1499 | D:2      | Found a glowing silver altar of Zin.
  1633 | D:3      | Noticed ololoev's ghost (amateur DsBe)
  1830 | D:4      | Reached XP level 4. HP: 24/24 MP: 9/12
  1869 | D:4      | Reached skill level 5 in Spellcasting
  1869 | D:4      | Reached skill level 1 in Hexes
  1875 | D:4      | Learned a level 4 spell: Sticky Flame
  1940 | D:4      | Reached XP level 5. HP: 26/28 MP: 5/14
  2397 | D:4      | Learned a level 3 spell: Conjure Flame
  2403 | D:4      | Learned a level 5 spell: Fireball
  2467 | D:4      | Found a staircase to the Ecumenical Temple.
  2472 | Temple   | Entered the Ecumenical Temple
  2788 | D:4      | Reached skill level 6 in Spellcasting
  2824 | D:4      | Slain by an orc

Skill      XL: |  1  2  3  4  5 |
---------------+----------------+-----
Spellcasting   | 4 5 6 |  6.0
Conjurations   | 2 3 |  3.2
Hexes          | 1 |  1.3
Fire Magic     | 4 |  4.4
Dodging        | |  2.4
Stealth        | |  2.4

Action                   |  1- 3 |  4- 6 || total
-------------------------+-------+-------++-------
Melee: Unarmed           |     1 |       ||     1
 Cast: Flame Tongue      |    66 |    29 ||    95
       Inner Flame       |     4 |       ||     4
       Sticky Flame      |       |     4 ||     4
  Use: Potion            |       |     4 ||     4
       Scroll            |       |     5 ||     5
  Eat: Chunk             |     1 |     1 ||     2
       Meat ration       |     1 |       ||     1
Armor: Robe              |     3 |     2 ||     5
Dodge: Dodged            |    20 |     5 ||    25
